Match 46221495
Unlisted

Match 46221495
End
250 Light Carrier
Panzergrenadier Squad
Panzerpioneer Squad
250 Light Carrier
Construct Light Support Kompanie
Selects Panzerjäger Kommand Battlegroup
Selects GrB 39 Grenade Launcher Requisition
Combat Half-tracks
Panzerjäger Squad
Fire Support Elements
Panzerjäger Mechanized Group
2.5-tonne Medical Truck
Construct Panzerarmee Kommand
Vehicle Survival Package
Selects Mine Fields
Selects Defensive Positions
Panzer III L Medium Tank
Rapid Advance
Armored Reserves
Tiger Heavy Tank
Emergency Repair Kits
Selects Crew Shock Tactics
Crew Shock Tactics
Be Frabjous
Henk
water
Hirys it's Irys
Garfailed
ChaosBloodAngel
Jork Sparra
Mexidankus Bartholemewl
0
0

Comments sign in to comment!

No comments posted yet!